 Dungeon Crawl Stone Soup version 0.32-a0-576-g706899e69d (webtiles) character file.

Game seed: 14873671988344036237

32041 Dittersdorf the Blocker (level 13, -8/88 HPs)
             Began as a Gargoyle Fighter on Mar 1, 2024.
             Was an Initiate of Gozag.
             Mangled by a seven-headed hydra (13 damage)
             ... on level 4 of the Lair of Beasts.
             The game lasted 00:18:02 (12605 turns).

Dittersdorf the Blocker (Gargoyle Fighter)         Turns: 12605, Time: 00:18:03

Health: -8/88      AC: 32    Str: 28    XL:     13   Next: 62%
Magic:  13/13      EV:  8    Int: 10    God:    Gozag
Gold:   3862       SH: 11    Dex:  9    Spells: 12/12 levels left

rFire   + . .        b - +2 eveningstar (chaos)
rCold   . . .        m - +4 buckler of the Armadillo {Harm Will+ Str-2 SInv}
rNeg    + . .        x - +0 plate armour
rPois   ∞            q - +0 helmet
rElec   +            z - +1 cloak
rCorr   .            (no gloves)
SInv    +            k - +1 pair of boots
Will    +....        A - amulet of regeneration Stlth
                     g - +6 ring of strength
HPRegen 1.14/turn    y - ring of protection from fire
MPRegen 0.13/turn

%: harm (+30% outgoing, +20% incoming)
@: slowed, very slow
A: sickness immunity, AC +9, negative energy resistance 1, electricity
resistance, torment resistance 1, petrification resistance
a: Renounce Religion, Potion Petition, Call Merchant, Bribe Branch


You were on level 4 of the Lair of Beasts.
You worshipped Gozag.
Gozag was most pleased with you.
You visited 2 branches of the dungeon, and saw 15 of its levels.

You collected 3954 gold pieces.
You paid 92 gold pieces to Gozag.

Inventory:

Hand Weapons
 b - a +2 eveningstar of chaos (weapon)
Missiles
 t - 2 throwing nets
Armour
 k - a +1 pair of boots (worn)
 m - the +4 buckler of the Armadillo (worn) {Harm Will+ Str-2 SInv}
   (You found it on level 4 of the Lair of Beasts)

   Str-2:     It affects your strength (-2).
   Will+:     It increases your willpower.
   SInv:      It lets you see invisible.
   Harm:      It increases damage dealt and taken.
 q - a +0 helmet (worn)
 x - a +0 plate armour (worn)
 z - a +1 cloak (worn)
 B - the +0 hat of the Enchanted Forest {+Blink rF+ rN+++ Slay-5}
   (You found it on level 8 of the Dungeon)

   Slay-5:    It affects your accuracy & damage with ranged weapons and melee
   (-5).
   rF+:       It protects you from fire.
   rN+++:     It renders you almost immune to negative energy.
   +Blink:    It lets you blink.
Jewellery
 g - a +6 ring of strength (left hand)
 y - a ring of protection from fire (right hand)
 A - an amulet of regeneration (around neck)
 F - a ring of willpower
Wands
 E - a wand of roots (19) (quivered)
Scrolls
 h - a scroll of enchant armour
 j - 2 scrolls of fear
 n - 3 scrolls of teleportation
 r - 2 scrolls of blinking
 C - a scroll of poison
Potions
 a - a potion of berserk rage
 d - 3 potions of might
 e - 3 potions of magic
 f - 2 potions of heal wounds
 i - 2 potions of cancellation
 l - 2 potions of curing
 w - a potion of haste


   Skills:
 + Level 13.0 Fighting
 + Level 11.8 Maces & Flails
 + Level 13.0 Armour
 + Level 13.0 Shields


You had 12 spell levels left.
You didn't know any spells.
Your spell library contained the following spells:

 Spells                   Type           Power      Damage    Failure   Level
 Kiss of Death            Conj/Necr      0%         2d5       96%         1
 Ensorcelled Hibernation  Hex/Ice        0%         N/A       99%         2
 Static Discharge         Conj/Air       0%         3-3/arc   99%         2
 Confusing Touch          Hex            0%         N/A       100%        3
 Fugue of the Fallen      Necr           0%         N/A       100%        3
 Mephitic Cloud           Conj/Alch/Air  0%         N/A       100%        3
 Ozocubu's Armour         Ice            0%         N/A       100%        3
 Anguish                  Hex/Necr       0%         N/A       100%        4
 Dispel Undead            Necr           0%         3d6       100%        4
 Iskenderun's Mystic Bla  Conj/Tloc      0%         2d3       100%        4
 Manifold Assault         Tloc           0%         N/A       100%        4
 Passage of Golubria      Tloc           0%         N/A       100%        4
 Silence                  Hex/Air        0%         N/A       100%        5
 Lehudib's Crystal Spear  Conj/Erth      0%         10d2      100%        8


Dungeon Overview and Level Annotations

Branches:
Dungeon (10/15)            Temple (0/1) D:5            Lair (5/5) D:10
 Shoals (0/4) Lair:3        Snake (0/4) Lair:3        Slime (0/5) Lair:4
    Orc: D:9-12

Altars:
Ashenzari
Dithmenos
Elyvilon
Gozag
Nemelex Xobeh
Qazlal
Ru
Sif Muna
Trog
Uskayaw
Vehumet
Wu Jian
Xom
Yredelemnul
The Shining One
Beogh
Jiyva

Shops:
D:9 =

Annotations:
D:8 1 runed translucent door, TheLasagnaBaron's ghost, novice MiMo
Lair:3 2 transporters, Omai's ghost, adept FoDe
Lair:4 2 runed translucent doors, Pijio's ghost, journeyman MDFi


Innate Abilities, Weirdness & Mutations

You are immune to sickness and miasma.
Your stone body is resilient. (AC +9)
You are immune to poison.
You resist negative energy. (rN+)
You are resistant to electric shocks. (rElec)
You are resistant to unholy torment.
You are immune to petrification.


Message History

The torpor snail barely misses you.
You block the seven-headed hydra's attack.
The seven-headed hydra closely misses you.
You block the seven-headed hydra's attack.
The seven-headed hydra bites you but does no damage. x2
The seven-headed hydra barely misses you.
The seven-headed hydra bites you! The water moccasin bites you.
The torpor snail attacks as it pursues you!
The torpor snail barely misses you.
The torpor snail attacks as it pursues you!
The torpor snail bites you!
The seven-headed hydra bites you but does no damage.
You block the seven-headed hydra's attack.
The seven-headed hydra bites you but does no damage.
You block the seven-headed hydra's attack.
The seven-headed hydra closely misses you.
The seven-headed hydra bites you!
* * * LOW HITPOINT WARNING * * *
The seven-headed hydra bites you but does no damage.
The torpor snail attacks as it pursues you!
The torpor snail bites you but does no damage.
The seven-headed hydra attacks as it pursues you!
The seven-headed hydra bites you but does no damage.
The seven-headed hydra closely misses you.
You block the seven-headed hydra's attack.
The seven-headed hydra barely misses you.
The seven-headed hydra bites you but does no damage.
The seven-headed hydra bites you.
* * * LOW HITPOINT WARNING * * *
The seven-headed hydra bites you but does no damage.
The seven-headed hydra attacks as it pursues you!
The seven-headed hydra bites you!
* * * LOW HITPOINT WARNING * * *
The seven-headed hydra bites you but does no damage.
The seven-headed hydra bites you!
* * * LOW HITPOINT WARNING * * *
The seven-headed hydra bites you but does no damage. x3
The seven-headed hydra bites you!
You die...
Your body crumbles into a pile of gold.

##.#....#..###..#♣♣...♣♣..♣♣##.(.
###.....### ####♣.g♣iig.♣.♣ ##..
##....## ♣W###+###.♣ #...
###.....##### ######⌠...⌠######..
P##.....P##.###.#.P.........P#...
.........P.......................
..........(...S..................
.................................
........>....YwD@................
.....P####.##########.##P.#..##..
#....## ### ###########.. #....#
#### ##..
.....###..####################PP.
#.....#..##P##P##..##.#.#.#P.#P..
..............................P..
.................................
................................[


You could see a seven-headed hydra, 2 spriggan riders, a torpor snail, a yak, a
water moccasin and a boggart.

Vanquished Creatures
  A fire dragon (Lair:3)
  2 catoblepae
  A two-headed ogre (D:8)
  2 boulder beetles (Lair:3)
  5 death yaks (D:10)
  3 skysharks
  Pikel (D:6)
  A cyclops (D:7)
  6 elephants (Lair:3)
  5 black mambas
  The ghost of ytrimaz the Chopper, a novice CoFi (D:4)
  6 cane toads
  6 rime drakes
  6 komodo dragons
  3 trolls
  A merfolk (Lair:3)
  A polar bear (Lair:4)
  2 hornets
  A wraith (D:10)
  6 basilisks
  2 wyverns (D:9)
  46 yaks
  A steam dragon (D:10)
  2 nagas (Lair:3)
  9 water moccasins
  2 ice beasts
  A black bear (D:4)
  2 orc warriors
  11 wolves (Lair:3)
  An ogre (D:4)
  2 centaurs (D:10)
  3 phantoms
  A lemure (D:6)
  4 kobold brigands
  6 bullfrogs
  4 scorpions
  4 wights (D:6)
  5 killer bees
  An electric eel (Lair:3)
  2 lava snakes (Lair:3)
  3 bombardier beetles
  3 orc priests
  A hound (D:6)
  A jelly (D:4)
  Crazy Yiuf (D:5)
  A gnoll bouda (D:6)
  A sleepcap (D:6)
  2 hell rats
  3 iguanas
  6 orc wizards
  11 adders
  6 gnolls
  A river rat (D:9)
  2 white imps
  3 ufetubi
  3 ribbon worms
  A dart slug (D:3)
  45 orcs
  6 ball pythons
  13 bats
  2 endoplasms
  4 giant cockroaches
  7 goblins
  3 hobgoblins
  4 jackals (D:2)
  5 quokkas
  2 frilled lizards
  19 kobolds
  9 rats
337 creatures vanquished.

Notes
Turn   | Place    | Note
-------+----------+-------------------------------------------
     0 | D:1      | Dittersdorf the Gargoyle Fighter began the quest for the
                  | Orb.
     0 | D:1      | Reached XP level 1. HP: 14/14 MP: 1/1
   349 | D:1      | Reached XP level 2. HP: 12/19 MP: 2/2
   826 | D:2      | Identified the +8 dagger "Xeymyx" {freeze, rElec SInv}
   886 | D:2      | Reached XP level 3. HP: 23/23 MP: 3/3
  1084 | D:2      | Found a faded altar of an unknown god.
  1092 | D:2      | Got Plato's Meditations on Iniquitous Acts
  1261 | D:3      | Noticed a phantom
  1276 | D:3      | Killed a phantom
  1277 | D:3      | Reached XP level 4. HP: 19/29 MP: 4/4
  1277 | D:3      | Reached XP level 5. HP: 21/33 MP: 5/5
  1413 | D:3      | Found a shadowy altar of Dithmenos.
  2198 | D:4      | Found a runed translucent gate.
  2199 | D:4      | Found a runed translucent gate.
  2199 | D:4      | Found an opulent altar of Gozag.
  2202 | D:4      | Found a runed translucent gate.
  2204 | D:4      | Noticed ytrimaz's ghost (novice CoFi)
  2204 | D:4      | Noticed a kobold brigand
  2205 | D:4      | Noticed a phantom
  2216 | D:4      | Noticed a kobold brigand
  2237 | D:4      | Killed a kobold brigand
  2238 | D:4      | Reached XP level 6. HP: 36/39 MP: 6/6
  2280 | D:4      | Killed ytrimaz's ghost
  2281 | D:4      | Reached skill level 5 in Fighting
  2281 | D:4      | Reached skill level 5 in Armour
  2281 | D:4      | Reached skill level 5 in Shields
  2281 | D:4      | Reached XP level 7. HP: 44/44 MP: 7/7
  2310 | D:4      | Became a worshipper of Gozag Ym Sagoz the Greedy
  2346 | D:4      | Found a basalt altar of Yredelemnul.
  2409 | D:4      | Found a white marble altar of Elyvilon.
  2552 | D:4      | Reached XP level 8. HP: 35/51 MP: 8/8
  3025 | D:5      | Entered Level 5 of the Dungeon
  3216 | D:5      | Reached skill level 5 in Maces & Flails
  3329 | D:5      | Noticed a yak
  3329 | D:5      | Noticed a yak
  3342 | D:5      | Noticed a yak
  3345 | D:5      | Noticed a yak
  3347 | D:5      | Noticed a yak
  3348 | D:5      | Noticed a yak
  3349 | D:5      | Killed a yak
  3353 | D:5      | Killed a yak
  3361 | D:5      | Killed a yak
  3370 | D:5      | Killed a yak
  3371 | D:5      | Reached XP level 9. HP: 51/56 MP: 9/9
  3422 | D:5      | Found a runed translucent door.
  3423 | D:5      | Noticed Crazy Yiuf
  3430 | D:5      | Killed Crazy Yiuf
  3484 | D:5      | Found an ornate altar of the Wu Jian Council.
  3570 | D:5      | Found a staircase to the Ecumenical Temple.
  4344 | D:6      | Noticed Pikel
  4355 | D:6      | Killed Pikel
  4535 | D:6      | Reached XP level 10. HP: 64/64 MP: 10/10
  4889 | D:7      | Found a hide-covered altar of Uskayaw.
  4889 | D:7      | Found a shimmering blue altar of Sif Muna.
  4890 | D:7      | Noticed a cyclops
  4895 | D:7      | Killed a cyclops
  4993 | D:7      | Found a bloodstained altar of Trog.
  5458 | D:8      | Found a roughly hewn altar of Beogh.
  5544 | D:8      | Found a runed translucent door.
  5545 | D:8      | Found a shimmering altar of Xom.
  5545 | D:8      | Noticed TheLasagnaBaron's ghost (novice MiMo)
  5545 | D:8      | Noticed a +2 short sword of chaos
  5577 | D:8      | Identified the +0 hat of the Enchanted Forest {+Blink rF+
                  | rN+++ Slay-5}
  5646 | D:8      | Found a radiant altar of Vehumet.
  5657 | D:8      | Noticed a two-headed ogre
  5671 | D:8      | Killed a two-headed ogre
  5873 | D:8      | Found a glowing golden altar of the Shining One.
  6340 | D:9      | Found a broken altar of Ashenzari.
  6659 | D:9      | Reached XP level 11. HP: 18/71 MP: 11/11
  6804 | D:9      | Found Jomusica's Jewellery Shoppe.
  6867 | D:9      | Reached skill level 10 in Shields
  6922 | D:9      | Reached skill level 10 in Fighting
  6922 | D:9      | Reached skill level 10 in Armour
  6927 | D:9      | Found a sparkling altar of Nemelex Xobeh.
  7094 | D:10     | Entered Level 10 of the Dungeon
  7180 | D:10     | Found a staircase to the Lair.
  7524 | D:10     | Found a sacrificial altar of Ru.
  7692 | D:10     | Found a stormy altar of Qazlal.
  7767 | D:10     | Identified the +0 helmet of Truth {Int+5}
  7919 | Lair:1   | Entered Level 1 of the Lair of Beasts
  8099 | Lair:1   | Noticed a death yak
  8099 | Lair:1   | Noticed a death yak
  8101 | Lair:1   | Noticed a death yak
  8107 | Lair:1   | Noticed a death yak
  8107 | Lair:1   | Noticed a death yak
  8259 | D:10     | Killed a death yak
  8260 | D:10     | Reached XP level 12. HP: 49/79 MP: 12/12
  8324 | D:10     | Killed a death yak
  8332 | D:10     | Killed a death yak
  8333 | D:10     | Reached skill level 10 in Maces & Flails
  8374 | D:10     | Killed a death yak
  8392 | D:10     | Killed a death yak
  8930 | Lair:1   | Noticed a catoblepas
  8947 | Lair:1   | Killed a catoblepas
  9251 | Lair:2   | Identified 2 scrolls of acquirement
  9251 | Lair:2   | Acquired a ring of willpower
  9301 | Lair:2   | Acquired a +2 eveningstar of holy wrath
  9755 | Lair:2   | Noticed a skyshark
  9768 | Lair:2   | Killed a skyshark
 10299 | Lair:3   | Noticed a skyshark
 10332 | Lair:2   | Killed a skyshark
 10424 | Lair:3   | Noticed a boulder beetle
 10446 | Lair:3   | Killed a boulder beetle
 10465 | Lair:3   | Noticed a boulder beetle
 10473 | Lair:3   | Identified the +5 mace of the Jumping Boar {pain, Int+2}
 10494 | Lair:3   | Killed a boulder beetle
 10596 | Lair:3   | Noticed a catoblepas
 10661 | Lair:3   | Killed a catoblepas
 10666 | Lair:3   | HP: 2/81 [komodo dragon (20)]
 10791 | Lair:3   | Reached XP level 13. HP: 82/86 MP: 13/13
 10904 | Lair:3   | Acquired 571 gold pieces
 11047 | Lair:3   | Found a staircase to the Snake Pit.
 11171 | Lair:3   | Found a staircase to the Shoals.
 11359 | Lair:3   | Noticed a fire dragon
 11413 | Lair:3   | Killed a fire dragon
 11597 | Lair:3   | Noticed Omai's ghost (adept FoDe)
 11626 | Lair:3   | Found a transporter.
 11640 | Lair:3   | Found a transporter.
 11925 | Lair:4   | Got Uscherph Rauph's Codex of the Parabolic Squall
 11990 | Lair:4   | Found a runed translucent door.
 11991 | Lair:4   | Noticed Pijio's ghost (journeyman MDFi)
 11995 | Lair:4   | Identified the +0 trident "Dilur" {freeze, rElec rC- rN+
                  | Int+7}
 12007 | Lair:4   | Found a runed translucent door.
 12007 | Lair:4   | Found a viscous altar of Jiyva.
 12076 | Lair:4   | Found a staircase to the Slime Pits.
 12340 | Lair:4   | Identified the +4 buckler of the Armadillo {Harm Will+
                  | Str-2 SInv}
 12424 | Lair:5   | Entered Level 5 of the Lair of Beasts
 12605 | Lair:4   | Mangled by a seven-headed hydra

Illustrated notes

Levels and vault maps discovered:
D:1:      shiori_arrival_oz, layout_loops_ring
D:2:      layout_rooms, shapermc_ecumenical_altar_rom_forum
D:3:      layout_basic, lemuel_crystal_altar, serial_bayou_pond_b, st_stairs_3
D:4:      layout_rooms, overflow_temple_1_default,
          mainiacjoe_overflow_boulevard, ebering_ghost_gozag,
          lexackson_kobold_supper
D:5:      minmay_general_purpose_star, layout_basic, lemuel_doored_altar,
          minmay_temple_entry_tees, uniq_crazy_yiuf_cottage
D:6:      layout_basic, uniq_pikel
D:7:      layout_basic, slow_altar_2, mainiacjoe_overflow_paths,
          chequers_temple_overflow_statue_of_worship, serial_shops, shop,
          uniq_duvessa
D:8:      layout_cave_pools, tso_oasis_becter, mainiacjoe_overflow_tiny_flanked,
          special_room [special_room_orc], ebering_ghost_xom, chequers_garden,
          grunt_decor_clamped
D:9:      old_forge, layout_cave_pools, cheibrodos_ashenzari_chains,
          lemuel_coloured_pillars_altar, serial_shops, kennysheep_little_box
D:10:     layout_rooms, mainiacjoe_overflow_concentric_impassable,
          nicolae_qazlal_general_emergency, dpeg_lair_monsters
Lair:1:   layout_regular_city, lemuel_fruit_tree, grunt_megastairs_4
Lair:2:   layout_small_grid, chequers_serial_rivers_large_b,
          grunt_forest_stairs_basic, st_stairs_9
Lair:3:   dragon1_lemuel, layout_loops_ring, elwin_shoals_entry_rooms,
          guppyfry_snake_entry_island, gammafunk_ghost_hive,
          nzn_sisyphean_effort
Lair:4:   layout_long_grid, slime_entry_2, ebering_ghost_funeral_grove
Lair:5:   evil_forest, layout_regular_city, serial_bayou_shore_a

Skill      XL: |  1  2  3  4  5  6  7  8  9 10 11 12 13 |
---------------+----------------------------------------+-----
Fighting       | 4 5 6 8 9 10 12 13 | 13.0
Maces & Flails | 3 4 5 7 8 9 11 | 11.8
Armour         | 4 5 6 8 9 10 12 13 | 13.0
Shields        | 4 5 6 8 9 11 12 13 | 13.0

Action                     |  1- 3 |  4- 6 |  7- 9 | 10-12 | 13-15 || total
---------------------------+-------+-------+-------+-------+-------++-------
  Melee: Flail             |   150 |    44 |       |       |       ||   194
         Whip              |       |    49 |   293 |   756 |       ||  1098
         Eveningstar       |       |       |       |   106 |   304 ||   410
         Mace              |       |       |       |    72 |       ||    72
  Throw: Throwing net      |       |     1 |       |       |       ||     1
  Evoke: Wand              |       |       |       |     2 |       ||     2
    Use: Scroll            |       |       |       |    21 |     7 ||    28
         Potion            |       |       |       |     1 |     5 ||     6
   Stab: Distracted        |       |       |       |     3 |       ||     3
         Petrified         |       |       |       |    11 |       ||    11
 Armour: Scale mail        |   102 |       |       |       |       ||   102
         Chain mail        |    42 |    77 |   168 |   292 |       ||   579
         Plate armour      |       |       |       |   492 |   419 ||   911
  Dodge: Dodged            |    81 |    37 |   104 |   301 |   128 ||   651
  Block: Buckler           |    40 |    18 |    54 |   231 |   103 ||   446

Table legend: (Time is in decaauts)
 A = Elapsed time spent in this place.
 B = Non-inter-level travel time spent in this place.
 C = Inter-level travel time spent in this place.
 D = Time resting spent in this place.
 E = Time spent auto-exploring this place.
 F = Levels seen in this place.
 G = Mean time per level.
                   A        B        C        D        E       F      G
               +--------+--------+--------+--------+--------+-----+--------+
         Total |  12424 |  11706 |    718 |    943 |   7603 |  15 |  828.3 |
       Dungeon |   8147 |   7589 |    558 |    646 |   4899 |  10 |  814.7 |
          Lair |   4277 |   4117 |    160 |    297 |   2704 |   5 |  855.4 |
               +--------+--------+--------+--------+--------+-----+--------+

Top non-repeatable levels by time:
  Lair:3: 1365 daAuts
  Lair:2: 1145 daAuts
     D:9: 1097 daAuts
     D:3: 997 daAuts
     D:4: 944 daAuts
    D:10: 920 daAuts
  Lair:1: 880 daAuts
     D:6: 859 daAuts
  Lair:4: 841 daAuts
     D:8: 756 daAuts
     D:5: 754 daAuts
     D:1: 700 daAuts
     D:7: 587 daAuts
     D:2: 528 daAuts
  Lair:5: 44 daAuts
